 Dungeon Crawl Stone Soup version 0.31.0-11-ge490571c62 (webtiles) character file.

Game seed: 6193602342408131708

68 qw the Shooter (level 4, -1/25 HPs)
             Began as a Deep Elf Hunter on Feb 3, 2024.
             Engulfed by a steam dragon's steam (7 damage)
             ... on level 3 of the Dungeon.
             The game lasted 00:00:05 (1374 turns).

qw the Shooter (Deep Elf Hunter)                    Turns: 1374, Time: 00:00:06

Health: -1/25      AC:  7    Str: 20    XL:     4   Next: 1%
Magic:  6/6        EV: 12    Int: 13    God:
Gold:   1791       SH:  0    Dex: 17    Spells: 3/3 levels left

rFire   . . .        a - +0 shortbow
rCold   . . .        (shield currently unavailable)
rNeg    . . .        m - +0 ring mail
rPois   .            (no helmet)
rElec   .            e - scarf {repulsion}
rCorr   .            n - +0 pair of gloves
SInv    .            b - +0 pair of boots {Stlth+}
Will    .....        (no amulet)
Stlth   +++          g - +6 ring of strength
HPRegen 0.24/turn    (no ring)
MPRegen 0.10/turn

%: repel missiles
@: no status effects
A: strong 1, sturdy frame 1
a: no special abilities


You were on level 3 of the Dungeon.
You visited 1 branch of the dungeon, and saw 3 of its levels.

You collected 1791 gold pieces.


Innate Abilities, Weirdness & Mutations

Your muscles are strong. (Str +4, Int/Dex -1)
Your movements are slightly less encumbered by armour. (ER -2)


   Skills:
 - Level 1.5 Fighting
 + Level 7.4 Ranged Weapons
 - Level 2.4 Dodging
 - Level 1.2 Stealth


You had 3 spell levels left.
You didn't know any spells.
Your spell library was empty.

Inventory:

Hand Weapons
 a - a +0 shortbow (weapon)
Armour
 b - a +0 pair of boots of stealth (worn)
 e - a scarf of repulsion (worn)
 m - a +0 ring mail (worn)
 n - a +0 pair of gloves (worn)
Jewellery
 c - an amulet of guardian spirit
 g - a +6 ring of strength (left hand)
Potions
 k - a potion of mutation
 l - a potion of might
 p - a potion of enlightenment {unknown}

Dungeon Overview and Level Annotations

Branches:
Dungeon (3/15)

Altars:


Message History

You shoot an arrow. The arrow hits the kobold.
You kill the kobold!
You start resting.
HP restored.
You open the door.
There is an open door here.
You open the door.
Found a sling.
There is an open door here.
Found a scroll of revelation.
An endoplasm comes into view.
You shoot an arrow. The arrow hits the endoplasm.
The endoplasm quivers.
The endoplasm is moderately wounded.
You shoot an arrow. The arrow barely misses the endoplasm.
You shoot an arrow. The arrow hits the endoplasm!
You kill the endoplasm!
A ball python comes into view.
You shoot an arrow. The arrow hits the ball python!
You kill the ball python!
You have reached level 4!
You feel clever.
A steam dragon comes into view.
You see here a scroll of revelation.
You shoot an arrow.
The arrow hits the steam dragon but does no damage.
The steam dragon hisses angrily.
You shoot an arrow.
The arrow hits the steam dragon but does no damage.
The steam dragon breathes steam at you. The ball of steam hits you!
You hear an angry hiss. x2
You shoot an arrow. The arrow hits the steam dragon!
The steam dragon is moderately wounded.
You are engulfed in a cloud of scalding steam.
The steam dragon misses you. The steam dragon completely misses you.
You shoot an arrow.
The arrow hits the steam dragon but does no damage.
The steam dragon is moderately wounded.
You are engulfed in a cloud of scalding steam.
You die...

........#####............#
........'...'............>
.....)..#####.............
............######........
#####.......# #....##..
#.......# #....##..
#......¤## #....##..
#####¤¤..# #....##..
#@¤¤.# #....##..
......D....# ########)
...........# #.......
##.####....# #....... #
#....# #....... #....#
#....... #....# ##.......
.....# #........
#..........


You could see a steam dragon.

Vanquished Creatures
  2 adders (D:2)
  2 dart slugs (D:1)
  2 orcs (D:3)
  4 endoplasms
  A giant cockroach (D:1)
  5 goblins
  4 hobgoblins (D:1)
  2 quokkas
  4 ball pythons
  4 bats
  2 frilled lizards (D:2)
  3 kobolds
  8 rats
43 creatures vanquished.

Notes
Turn   | Place    | Note
-------+----------+-------------------------------------------
     0 | D:1      | qw the Deep Elf Hunter began the quest for the Orb.
     0 | D:1      | Reached XP level 1. HP: 12/12 MP: 3/3
     0 | D:1      | 0 ||| qw: Version: 0.3-a-158-g18b3111
     0 | D:1      | 0 ||| qw: Game counter: 4199
     0 | D:1      | 0 ||| qw: Melee chars always use a shield: true
     0 | D:1      | 0 ||| qw: God list: Okawaru
     0 | D:1      | 0 ||| qw: Allow faded altars: false
     0 | D:1      | 0 ||| qw: Do Orc after clearing Dungeon:15 true
     0 | D:1      | 0 ||| qw: Do second Lair branch before Depths: true
     0 | D:1      | 0 ||| qw: Lair rune preference: random
     0 | D:1      | 0 ||| qw: Goals: Normal
     0 | D:1      | 0 ||| PLANNING D:1-11
   131 | D:1      | Reached XP level 2. HP: 16/16 MP: 4/4
   154 | D:1      | Reached skill level 6 in Ranged Weapons
   487 | D:1      | Found a faded altar of an unknown god.
   652 | D:1      | 652 ||| UPGRADING to scarf of repulsion.
   657 | D:1      | 657 ||| READING scroll labelled RIAVVUHYU IROGH.
   658 | D:1      | 658 ||| DROPPING scroll of butterflies.
   694 | D:2      | Reached XP level 3. HP: 20/20 MP: 5/5
   793 | D:2      | Identified the +2 short sword of Articulation {speed,
                  | *Noise rElec rPois Str-2}
   883 | D:2      | Reached skill level 7 in Ranged Weapons
  1138 | D:2      | 1138 ||| UPGRADING to +0 scale mail.
  1148 | D:2      | 1148 ||| DROPPING +0 leather armour.
  1149 | D:2      | 1149 ||| UPGRADING to +0 ring mail.
  1159 | D:2      | 1159 ||| DROPPING +0 scale mail.
  1160 | D:2      | 1160 ||| UPGRADING to +0 pair of gloves.
  1165 | D:2      | 1165 ||| UPGRADING to +6 ring of strength.
  1166 | D:2      | 1166 ||| READING 3 scrolls labelled ITIBAET HEVVUIW.
  1166 | D:2      | Identified 3 scrolls of acquirement
  1166 | D:2      | 1166 ||| ACQUIRING 776 gold pieces
  1166 | D:2      | Acquired 776 gold pieces
  1167 | D:2      | 1167 ||| READING 2 scrolls of acquirement.
  1167 | D:2      | 1167 ||| ACQUIRING +0 pair of boots of stealth
  1167 | D:2      | Acquired a +0 pair of boots of stealth
  1168 | D:2      | 1168 ||| READING scroll of acquirement.
  1168 | D:2      | 1168 ||| ACQUIRING 869 gold pieces
  1168 | D:2      | Acquired 869 gold pieces
  1170 | D:2      | 1170 ||| UPGRADING to +0 pair of boots of stealth.
  1175 | D:2      | 1175 ||| READING scroll labelled KEM WOS WOD.
  1176 | D:2      | 1176 ||| READING scroll labelled KYUZAR FUSTO.
  1177 | D:2      | 1177 ||| READING scroll labelled SITADW CIEFONG.
  1178 | D:2      | 1178 ||| READING scroll labelled DIS LAJIUTSOG.
  1178 | D:2      | 1178 ||| IDENTIFYING orange potion
  1179 | D:2      | 1179 ||| DRINKING 2 clear potions.
  1179 | D:2      | Gained mutation: Your muscles are strong. (Str +4, Int/Dex
                  | -1) [potion of mutation]
  1179 | D:2      | Gained mutation: Your movements are slightly less
                  | encumbered by armour. (ER -2) [potion of mutation]
  1180 | D:2      | 1180 ||| DRINKING 2 ruby potions.
  1181 | D:2      | 1181 ||| DROPPING potion of degeneration.
  1320 | D:3      | 1320 ||| FLEEEEING.
  1321 | D:3      | 1321 ||| FLEEEEING.
  1322 | D:3      | 1322 ||| FLEEEEING.
  1323 | D:3      | 1323 ||| FLEEEEING.
  1324 | D:3      | 1324 ||| FLEEEEING.
  1325 | D:3      | 1325 ||| FLEEEEING.
  1326 | D:3      | 1326 ||| FLEEEEING.
  1327 | D:3      | 1327 ||| FLEEEEING.
  1328 | D:3      | 1328 ||| FLEEEEING.
  1366 | D:3      | Reached XP level 4. HP: 25/25 MP: 6/6
  1370 | D:3      | Noticed a steam dragon
  1373 | D:3      | HP: 5/25 [steam dragon] (9)]
  1374 | D:3      | Engulfed by a steam dragon's steam

Levels and vault maps discovered:
D:1:      dpeg_arrival_round_a, layout_loops_ring,
          dreamdust_ecumenical_altar_angels_and_demons, corexii_leaking_fountain
D:2:      layout_rooms, small_statue_intersection, minmay_pentomino_o4
D:3:      layout_basic

Skill      XL: |  1  2  3 |
---------------+----------+-----
Ranged Weapons | 6 7 |  7.4
Fighting       | |  1.5
Dodging        | |  2.4
Stealth        | |  1.2

Action                     |  1- 3 |  4- 6 || total
---------------------------+-------+-------++-------
   Fire: Shortbow          |   107 |     4 ||   111
    Use: Scroll            |     8 |       ||     8
         Potion            |     2 |       ||     2
 Armour: Leather armour    |    13 |       ||    13
         Ring mail         |     3 |     3 ||     6
  Dodge: Dodged            |    15 |     2 ||    17

Table legend:
 A = Non-vault XP
 B = Vault XP
 C = Vault XP percentage of total XP
 D = Non-vault monster count
 E = Vault monster count
 F = Vault count percentage of total count
                 A         B        C        D         E       F
            +---------+---------+-------+---------+---------+-------
      Total |      93 |       5 |   5.1 |      39 |       4 |   9.3
            +---------+---------+-------+---------+---------+-------
        D:1 |      31 |       0 |   0.0 |      16 |       0 |   0.0
        D:2 |      47 |       5 |   9.6 |      16 |       4 |  20.0
        D:3 |      15 |       0 |   0.0 |       7 |       0 |   0.0
            +---------+---------+-------+---------+---------+-------
